 Dungeon Crawl Stone Soup version 0.29.1-14-g9c671dbff4 (webtiles) character file.

Game seed: 9859170232173833964

4093 Descartes the Digger (level 10, 0/61 HPs)
             Began as a Gargoyle Earth Elementalist on Feb 14, 2023.
             Was an Initiate of Gozag.
             Slain by an orc knight
             ... wielding a +0 halberd
              (17 damage)
             ... in a bailey.
             The game lasted 00:23:56 (9638 turns).

Descartes the Digger (Gargoyle Earth Elementalist)  Turns: 9638, Time: 00:23:56

Health: 0/61       AC: 15    Str: 15    XL:     10   Next: 26%
Magic:  17/17      EV: 15    Int: 17    God:    Gozag
Gold:   590        SH:  2    Dex: 10    Spells: 9/19 levels left

rFire   . . .      SeeInvis .   D - +6 trident "Qiptaq Egob" {holy, rPois Stlth+}
rCold   + . .      Faith    .   (no shield)
rNeg    + . .      Spirit   .   y - +0 robe {Will+}
rPois   ∞          Reflect  .   n - +2 hat
rElec   +          Harm     .   I - +0 cloak {Stlth+}
rCorr   .          Rampage  .   (no gloves)
Will    +....                   B - +0 pair of boots
Stlth   ++++......              (no amulet)
HPRegen 0.20/turn               i - ring of the Octopus King {rC+ HP+2 AC+2 EV+2 SH+2}
MPRegen 0.15/turn               (no ring)

@: no status effects
A: sickness immunity, AC +7, negative energy resistance 1, electricity
resistance, torment resistance 1, petrification resistance, hooves 1
a: Renounce Religion, Potion Petition, Call Merchant, Bribe Branch


You were in a bailey.
You worshipped Gozag.
Gozag was pleased with you.
You visited 2 branches of the dungeon, and saw 8 of its levels.
You also visited: Bailey.

You collected 678 gold pieces.
You paid 88 gold pieces to Gozag.

Inventory:

Hand Weapons
 u - a +1 dagger of protection
 D - the +6 trident "Qiptaq Egob" (weapon) {holy, rPois Stlth+}
   (You found it on level 6 of the Dungeon)

   It has been blessed by the Shining One to cause great damage to the undead
   and demons.
   rPois:     It protects you from poison.
   Stlth:     It makes you more stealthy.
 E - a +0 shortbow of freezing
 H - a +2 quarterstaff of chaos
Missiles
 s - 26 poisoned darts
Armour
 n - a +2 hat (worn)
 y - a +0 robe of willpower (worn)
 B - a +0 pair of boots (worn)
 I - a +0 cloak of stealth (worn)
Jewellery
 i - a ring of the Octopus King (left hand) {rC+ HP+2 AC+2 EV+2 SH+2}
   (You took it off a kobold on level 2 of the Dungeon)

   [ring of protection from cold]

   AC:        It affects your AC (+2).
   EV:        It affects your evasion (+2).
   rC:        It protects you from cold.
   HP:        It affects your health (+2).
   SH:        It affects your SH (+2).
Wands
 q - a wand of digging (5)
 C - a wand of flame (44)
 F - a wand of charming (10)
Scrolls
 e - 3 scrolls of amnesia
 f - 4 scrolls of teleportation
 h - 5 scrolls of enchant armour
 l - 3 scrolls of enchant weapon
 o - 2 scrolls of immolation
 p - a scroll of magic mapping
 w - 2 scrolls of vulnerability
Potions
 a - a potion of attraction {unknown}
 b - a potion of experience
 c - 2 potions of haste {unknown}
 d - 3 potions of mutation
 g - a potion of degeneration {unknown}
 j - 2 potions of magic
 k - a potion of lignification {unknown}
 r - 2 potions of curing {unknown}
 t - 2 potions of might {unknown}
 z - a potion of flight {unknown}
 A - a potion of brilliance {unknown}
 G - a potion of berserk rage {unknown}


   Skills:
 - Level 5.0 Fighting
 + Level 4.8 Dodging
 - Level 2.1 Stealth
 - Level 5.0 Spellcasting
 + Level 6.2 Conjurations
 + Level 4.9 Transmutations
 + Level 7.9 Earth Magic
 + Level 4.7 Evocations


You had 9 spell levels left.
You knew the following spells:

 Your Spells              Type           Power      Damage    Failure   Level
a - Sandblast             Erth           62%        2d14      1%          1
b - Passwall              Tmut/Erth      21%        N/A       1%          2
c - Stone Arrow           Conj/Erth      56%        3d10      2%          3
d - Petrify               Tmut/Erth      26%        N/A       10%         4

Your spell library contained the following spells:

 Spells                   Type           Power      Damage    Failure   Level
 Magic Dart               Conj           100%       1d8       1%          1
 Searing Ray              Conj           50%        2d6       1%          2
 Shock                    Conj/Air       56%        1d6       4%          1
 Apportation              Tloc           8%         N/A       14%         1
 Animate Armour           Summ/Erth      34%        N/A       28%         4
 Fulminant Prism          Conj/Hex       7%         3d7       36%         4
 Swiftness                Air            4%         N/A       38%         3
 Airstrike                Air            2%         2d(1-17)  80%         4
 Alistair's Intoxication  Tmut/Pois      8%         N/A       82%         5
 Lehudib's Crystal Spear  Conj/Erth      14%        10d5      100%        8


Dungeon Overview and Level Annotations

Branches:
Dungeon (7/15)             Temple (1/1) D:6          Bailey (1/1)

Altars:
Cheibriados
Elyvilon
Fedhas
Gozag
Hepliaklqana
Kikubaaqudgha
Makhleb
Nemelex Xobeh
Okawaru
Ru
Sif Muna
Trog
Uskayaw
Vehumet
Yredelemnul


Innate Abilities, Weirdness & Mutations

You are immune to sickness and miasma.
Your stone body is resilient. (AC +7)
You are immune to poison.
You resist negative energy. (rN+)
You are resistant to electric shocks. (rElec)
You are resistant to unholy torment.
You are immune to petrification.
You have large cloven feet.


Message History

You don't have enough magic to cast this spell.
Aiming: Throw Flame
Press: ? - help, Shift-Dir - straight line, f/p - orc knight
Aim: an orc knight, wielding a +0 halberd and wearing a +0 scale mail (heavily wounded, 67% to hit)
The puff of flame misses the orc knight.
The orc knight hits you from afar with a +0 halberd!
Aiming: Throw Flame
Press: ? - help, Shift-Dir - straight line, f/p - orc knight
Aim: an orc knight, wielding a +0 halberd and wearing a +0 scale mail (heavily wounded, 67% to hit)
The puff of flame hits the orc knight.
The orc knight is heavily wounded.
The orc knight hits you from afar with a +0 halberd.
Aiming: Throw Flame
Press: ? - help, Shift-Dir - straight line, f/p - orc knight
Aim: an orc knight, wielding a +0 halberd and wearing a +0 scale mail (heavily wounded, 67% to hit)
The puff of flame hits the orc knight.
The orc knight is severely wounded.
The orc knight misses you.
Aiming: Throw Flame
Press: ? - help, Shift-Dir - straight line, f/p - orc knight
Aim: an orc knight, wielding a +0 halberd and wearing a +0 scale mail (severely wounded, 67% to hit)
The puff of flame hits the orc knight!
The orc knight is severely wounded.
The orc knight misses you.
Aiming: Throw Flame
Press: ? - help, Shift-Dir - straight line, f/p - orc knight
Aim: an orc knight, wielding a +0 halberd and wearing a +0 scale mail (severely wounded, 67% to hit)
The puff of flame hits the orc knight.
The orc knight is severely wounded.
The orc knight hits you from afar with a +0 halberd.
Aiming: Throw Flame
Press: ? - help, Shift-Dir - straight line, f/p - orc knight
Aim: an orc knight, wielding a +0 halberd and wearing a +0 scale mail (severely wounded, 67% to hit)
The puff of flame misses the orc knight.
The orc knight hits you from afar with a +0 halberd!!
* * * LOW HITPOINT WARNING * * *
Magic courses through your body.
The orc knight hits you from afar with a +0 halberd!
You die...
Your body crumbles into a pile of gold.

#.......#
#.....#
##'''##
#.....#
#.....#
#.....#
#...o.#
#.....#
##''@##
##....$##
#.......#
#....)..#
#..#.#..#
#..#8#).#
#....)..#
##.....##
###)###


You could see an orc knight.

Vanquished Creatures
  An orc knight (Bailey)
  Sigmund (D:3)
  Eustachio (D:6)
  Menkaure (D:6)
  A steam dragon (D:7)
  Edmund (D:6)
  2 water moccasins
  5 orc warriors
  2 sky beasts (D:7)
  2 ogres (D:4)
  3 centaurs
  2 phantoms
  A kobold brigand (D:7)
  Blork the orc (D:6)
  3 necrophages
  4 scorpions
  3 wights (D:6)
  A howler monkey (D:6)
  An electric eel (D:6)
  3 hounds
  4 orc priests
  Crazy Yiuf (D:6)
  3 iguanas
  Natasha (thrice) (D:4)
  5 orc wizards
  Robin (D:3)
  5 adders
  2 ufetubi
  3 worms (D:2)
  4 dart slugs
  43 orcs
  5 bats
  18 endoplasms
  2 giant cockroaches
  17 goblins
  10 hobgoblins
  8 kobolds
  2 quokkas
  9 ball pythons
  6 frilled lizards
  5 rats
195 creatures vanquished.

Vanquished Creatures (collateral kills)
  3 orcs (Bailey)
3 creatures vanquished.

Vanquished Creatures (others)
  An orc warrior (Bailey)
  3 plants (D:3)
4 creatures vanquished.

Grand Total: 202 creatures vanquished

Notes
Turn   | Place    | Note
-------+----------+-------------------------------------------
     0 | D:1      | Descartes the Gargoyle Earth Elementalist began the quest
                  | for the Orb.
     0 | D:1      | Reached XP level 1. HP: 10/10 MP: 3/3
   180 | D:1      | Reached skill level 1 in Transmutations
   180 | D:1      | Reached XP level 2. HP: 16/16 MP: 3/5
   517 | D:1      | Reached skill level 1 in Conjurations
   520 | D:1      | Reached skill level 1 in Fighting
   546 | D:1      | Reached XP level 3. HP: 20/20 MP: 4/6
   780 | D:1      | Reached skill level 4 in Earth Magic
  1340 | D:2      | Found a faded altar of an unknown god.
  1342 | D:2      | Reached XP level 4. HP: 25/25 MP: 5/7
  1442 | D:2      | Found the ring of the Octopus King {rC+ HP+2 AC+2 EV+2
                  | SH+2}
  2146 | D:3      | Noticed Robin
  2253 | D:3      | Learned a level 2 spell: Passwall
  2257 | D:3      | Learned a level 3 spell: Stone Arrow
  2279 | D:3      | Reached XP level 5. HP: 30/30 MP: 1/9
  2653 | D:3      | Noticed Sigmund
  3275 | D:3      | Killed Robin
  3332 | D:3      | Killed Sigmund
  3333 | D:3      | Reached skill level 1 in Evocations
  3333 | D:3      | Reached XP level 6. HP: 36/36 MP: 5/10
  3907 | D:4      | Noticed Natasha
  3911 | D:4      | Killed Natasha
  3912 | D:4      | Reached skill level 5 in Earth Magic
  3912 | D:4      | Reached XP level 7. HP: 40/40 MP: 9/11
  3969 | D:4      | Learned a level 4 spell: Petrify
  4167 | D:4      | Noticed Natasha
  4170 | D:4      | Killed Natasha
  4537 | D:4      | Noticed Natasha
  4541 | D:4      | Killed Natasha
  4753 | D:4      | Reached XP level 8. HP: 46/46 MP: 8/13
  5042 | D:5      | Entered Level 5 of the Dungeon
  6035 | D:5      | Reached skill level 6 in Earth Magic
  6366 | D:6      | Found a runed translucent door.
  6367 | D:6      | Noticed Crazy Yiuf
  6722 | D:6      | Reached XP level 9. HP: 24/52 MP: 0/15
  7041 | D:6      | Identified the +6 trident "Qiptaq Egob" {holy, rPois
                  | Stlth+}
  7279 | D:6      | Noticed Edmund
  7313 | D:6      | Killed Edmund
  7314 | D:6      | Reached skill level 5 in Fighting
  7573 | D:6      | Reached skill level 5 in Conjurations
  7691 | D:6      | Found a staircase to the Ecumenical Temple.
  7696 | Temple   | Entered the Ecumenical Temple
  7756 | Temple   | Became a worshipper of Gozag Ym Sagoz the Greedy
  7776 | D:6      | Noticed Menkaure
  7776 | D:6      | Noticed Blork the orc
  7782 | D:6      | Noticed Eustachio
  7785 | D:6      | Killed Menkaure
  7789 | D:6      | Killed Blork the orc
  8006 | D:6      | Killed Eustachio
  8007 | D:6      | Reached skill level 7 in Earth Magic
  8069 | D:6      | Reached skill level 5 in Spellcasting
  8236 | D:6      | Found a basalt altar of Yredelemnul.
  8577 | D:6      | Killed Crazy Yiuf
  8740 | D:7      | Found a flagged portal.
  8749 | Bailey   | Entered a bailey
  8829 | Bailey   | Reached XP level 10. HP: 59/59 MP: 0/17
  9163 | Bailey   | Noticed an orc knight
  9193 | Bailey   | Gained mutation: You have large cloven feet. [potion of
                  | mutation]
  9196 | Bailey   | Killed an orc knight
  9247 | Bailey   | Noticed an orc knight
  9638 | Bailey   | Slain by an orc knight

Illustrated notes

Levels and vault maps discovered:
D:1:      dpeg_arrival_water_fire, layout_basic, hangedman_decor_peaks_small
D:2:      layout_loops_cross, chequers_ecumenical_altar_simple
D:3:      layout_basic, serial_forest, infiniplex_forest_zigzag_2,
          infiniplex_forest_clump_diagonal, infiniplex_forest_lined_3,
          infiniplex_forest_join, infiniplex_forest_corner_1,
          infiniplex_forest_lined_3_way, amcnicky_mini_corridor_feature,
          uniq_robin, uniq_sigmund
D:4:      layout_gridville, uniq_natasha
D:5:      layout_gridville
D:6:      nicolae_cairo_tiling_large_dashed, layout_gridville,
          general_overflow_altar, temple_doors_e, kennysheep_generic_room_2,
          uniq_eustachio, uniq_menkaure, uniq_edmund, uniq_blork_the_orc,
          uniq_crazy_yiuf_cottage
D:7:      cheibrodos_wizards_tower, layout_rooms, grunt_temple_overflow_open,
          lemuel_coloured_pillars_altar, kennysheep_mini_moat, enter_bailey_2
Temple:   zaba_magenta_temple
Bailey:   bailey_polearm_5, bailey

Skill      XL: |  1  2  3  4  5  6  7  8  9 10 |
---------------+-------------------------------+-----
Transmutations | 1 2 3 4 |  4.9
Conjurations   | 1 2 3 4 5 6 |  6.2
Fighting       | 1 2 3 4 5 |  5.0
Earth Magic    | 4 5 6 7 |  7.9
Dodging        | 2 3 4 |  4.8
Spellcasting   | 3 4 5 |  5.0
Evocations     | 1 2 3 4 |  4.7
Stealth        | |  2.1

Action                   |  1- 3 |  4- 6 |  7- 9 | 10-12 || total
-------------------------+-------+-------+-------+-------++-------
Melee: Unarmed           |       |       |     1 |       ||     1
       Trident           |       |       |    51 |    28 ||    79
       Dagger            |       |       |     1 |       ||     1
       Punch             |       |       |     1 |       ||     1
 Cast: Sandblast         |    47 |    91 |   177 |    14 ||   329
       Stone Arrow       |       |       |    42 |    26 ||    68
Evoke: Wand              |       |       |       |     8 ||     8
  Use: Scroll            |       |       |     8 |       ||     8
       Potion            |       |       |       |     5 ||     5
Armor: Robe              |     2 |     9 |    74 |    18 ||   103
Dodge: Dodged            |     6 |    22 |   148 |    69 ||   245
Block: Other             |       |       |    10 |     6 ||    16
